 Dungeon Crawl Stone Soup version 0.32-a0-938-g40ac7a0f4d (webtiles) character file.

Game seed: 7000125191341041629

32767 Autsider the Destroyer (level 13, -14/74 HPs)
             Began as a Deep Elf Hedge Wizard on Apr 15, 2024.
             Was an Elder of Sif Muna.
             Demolished by a skyshark (17 damage)
             ... on level 3 of the Lair of Beasts.
             The game lasted 01:18:27 (18211 turns).

Autsider the Destroyer (Deep Elf Hedge Wizard)     Turns: 18211, Time: 01:18:27

Health: -14/74     AC: 14    Str:  7    XL:     13   Next: 33%
Magic:  9/29       EV: 13    Int: 31    God:    Sif Muna [****..]
Gold:   673        SH:  0    Dex: 14    Spells: 23/33 levels left

rFire   . . .        H - staff of air {!a}
rCold   . . .        (no shield)
rNeg    . . .        P - +1 troll leather armour
rPois   .            G - +1 hat
rElec   +            r - +2 cloak
rCorr   .            i - +0 pair of gloves
SInv    .            L - +0 pair of boots
Will    +....        v - amulet of magic regeneration
Stlth   +++          j - +6 ring of intelligence
HPRegen 1.12/turn    F - +4 ring of protection
MPRegen 0.61/turn

%: no passive effects
@: no status effects
A: no striking features
a: Renounce Religion, Channel Magic, Forget Spell, Divine Exegesis


You were on level 3 of the Lair of Beasts.
You worshipped Sif Muna.
Sif Muna was greatly pleased with you.
You visited 3 branches of the dungeon, and saw 17 of its levels.
You also visited: Sewer.

You collected 889 gold pieces.
You spent 216 gold pieces at shops.

Inventory:

Missiles
 N - a throwing net
Armour
 i - a +0 pair of gloves (worn)
 r - a +2 cloak (worn)
 G - a +1 hat (worn)
 L - a +0 pair of boots (worn)
 P - a +1 troll leather armour (worn)
Magical Staves
 H - a staff of air (weapon) {!a}
Jewellery
 j - a +6 ring of intelligence (left hand)
 q - a ring of flight
 v - an amulet of magic regeneration (around neck)
 F - a +4 ring of protection (right hand)
 R - an amulet of the acrobat
Wands
 d - a wand of flame (20)
 w - a wand of light (2)
 y - a wand of roots (23)
 I - a wand of digging (15)
 J - a wand of mindburst (29)
 M - a wand of charming (7)
Scrolls
 a - 2 scrolls of revelation
 b - a scroll of silence {unknown}
 c - a scroll of fog
 f - 2 scrolls of blinking
 g - 2 scrolls of teleportation {@r2}
 m - 3 scrolls of fear
 n - 3 scrolls of immolation
 o - a scroll of acquirement
 p - 2 scrolls of amnesia
 t - a scroll of enchant armour
 x - a scroll of poison
 C - a scroll of vulnerability
 E - a scroll of torment {unknown}
Potions
 e - a potion of berserk rage
 h - 4 potions of curing {@q1}
 k - a potion of brilliance {unknown}
 s - 2 potions of heal wounds
 u - 3 potions of enlightenment
 z - 2 potions of haste
 A - a potion of invisibility {unknown}
 B - a potion of might {unknown}
 K - a potion of attraction {unknown}
 O - a potion of ambrosia {unknown}


   Skills:
 - Level 6.0 Fighting
 + Level 7.0 Dodging
 + Level 7.2 Stealth
 + Level 10.7 Spellcasting
 + Level 11.4 Conjurations
 + Level 11.4 Summonings
 - Level 1.1 Translocations
 + Level 2.6 Fire Magic
 + Level 10.4 Air Magic
 + Level 8.6 Invocations


You had 23 spell levels left.
You knew the following spells:

 Your Spells              Type           Power      Damage    Failure   Level
a - Magic Dart            Conj           100%       1d8       1%          1
b - Airstrike             Air            44%        2d(7-23)  1%          4
w - Mephitic Cloud        Conj/Alch/Air  75%        N/A       1%          3
A - Call Imp              Summ           100%       N/A       1%          2

Your spell library contained the following spells:

 Spells                   Type           Power      Damage    Failure   Level
 Foxfire                  Conj/Fire      100%       2x1d9     1%          1
 Shock                    Conj/Air       100%       1d9       1%          1
 Cigotuvi's Dreadful Rot  Necr/Alch/Air  100%       N/A       1%          2
 Swiftness                Air            89%        N/A       1%          3
 Slow                     Hex            64%        N/A       4%          1
 Blink                    Tloc           46%        N/A       4%          2
 Conjure Ball Lightning   Conj/Air       45%        3x3d16    8%          6
 Tukima's Dance           Hex            16%        N/A       14%         3
 Passage of Golubria      Tloc           23%        N/A       28%         4
 Starburst                Conj/Fire      28%        6d9       36%         6
 Plasma Beam              Fire/Air       36%        2x1d49    43%         6
 Yara's Violent Unravell  Hex/Alch       8%         3d5       77%         5
 Discord                  Hex            8%         N/A       100%        8
 Disjunction              Tloc           11%        N/A       100%        8


Dungeon Overview and Level Annotations

Branches:
Dungeon (12/15)            Temple (1/1) D:5            Lair (4/5) D:10
 Shoals (0/4) Lair:3       Spider (0/4) Lair:2          Orc (0/2) D:11
  Sewer (visited)
  Slime: Lair:4-5

Altars:
Ashenzari
Cheibriados
Dithmenos
Elyvilon
Fedhas
Gozag
Hepliaklqana
Kikubaaqudgha
Makhleb
Nemelex Xobeh
Okawaru
Qazlal
Ru
Sif Muna
Trog
Uskayaw
Vehumet
Wu Jian
Xom
Yredelemnul
Zin
The Shining One
Beogh
Lugonu

Shops:
D:11 !

Annotations:
D:2 exclusion: downstairs
D:3 exclusion: downstairs
D:7 exclusion: downstairs
D:8 Digging?
Lair:3 exclusions: downstairs and upstairs


Message History

The air twists around and strikes the skyshark.
The skyshark is lightly wounded.
The skyshark closely misses you.
The skyshark tail-slaps you but does no damage. x2
Casting: Airstrike (mildly dangerous; 1% risk of failure)
Confirm with . or Enter, or press ? or * to list all spells.
Aiming: Airstrike (mildly dangerous; 1% risk of failure)
Press: ? - help, Dir - move target, f/p - skyshark
Aim: a skyshark (lightly wounded, strong, empty space bonus: 6/8)
You feel a surge of power!
The air twists around and strikes the skyshark!
The skyshark is lightly wounded.
The skyshark bites you.
The skyshark enters a blood-rage!
The skyshark tail-slaps you. x2
Casting: Airstrike (mildly dangerous; 1% risk of failure)
Confirm with . or Enter, or press ? or * to list all spells.
Aiming: Airstrike (mildly dangerous; 1% risk of failure)
Press: ? - help, Dir - move target, f/p - skyshark
Aim: a skyshark (lightly wounded, berserk, empty space bonus: 6/8)
You feel a surge of power!
The air twists around and strikes the skyshark!
The skyshark is moderately wounded.
The skyshark bites you!!
* * * LOW HITPOINT WARNING * * *
The skyshark tail-slaps you!
* * * LOW HITPOINT WARNING * * *
The skyshark tail-slaps you but does no damage.
Casting: Airstrike (mildly dangerous; 1% risk of failure)
Confirm with . or Enter, or press ? or * to list all spells.
Aiming: Airstrike (mildly dangerous; 1% risk of failure)
Press: ? - help, Dir - move target, f/p - skyshark
Aim: a skyshark (moderately wounded, berserk, empty space bonus: 6/8)
You feel a surge of power!
The air twists around and strikes the skyshark!
The skyshark is moderately wounded.
The skyshark bites you!!
* * * LOW HITPOINT WARNING * * *
The skyshark tail-slaps you but does no damage.
The skyshark closely misses you. The skyshark bites you!
You die...

.......## #P.... ......## ##....
###..## ###...# ###..# #P...##
#...## #...## ....### ##....#
....#.### ######## ##...P##
........### #...>..## #....##
.##....##.# ##.@F....###...##
###.....#.# ##....♣.....#...#
##........###...#####...#...#
#......#.......## ###....##.##
#......#..#....####=###...#..####
#.......#.#...#.#.....#...#....##
#.......+........................
........#♣.....♣..<..♣.....♣#....
......#.....................+....


You could see a skyshark (berserk).

Vanquished Creatures
  Gastronok (Lair:1)
  A hydra (Lair:2)
  A catoblepas (Lair:3)
  Erica (Lair:1)
  A two-headed ogre (D:11)
  A death yak (Lair:2)
  Amaemon (Lair:3)
  4 oklob plants
  2 manticores (D:12)
  7 elephants (Lair:3)
  2 black mambas
  A cyclops (D:11)
  Joseph (D:7)
  10 cane toads
  A gargoyle (D:12)
  A torpor snail (Lair:2)
  An orange demon (Lair:3)
  2 komodo dragons
  A kobold demonologist (D:11)
  2 rime drakes (Lair:3)
  2 trolls (D:11)
  3 merfolk (Lair:3)
  A polar bear (Lair:3)
  2 hornets (D:9)
  Grinder (D:6)
  7 blink frogs
  Sigmund (D:6)
  4 wyverns
  37 yaks
  5 basilisks
  6 vampire mosquitoes
  2 steam dragons
  3 redbacks (Lair:2)
  Menkaure (D:6)
  5 water moccasins
  A black bear (D:6)
  3 orc warriors
  A crocodile (Sewer)
  An ogre (D:5)
  3 centaurs
  8 wolves
  3 kobold brigands
  Blork the orc (D:4)
  12 bullfrogs
  2 gnoll sergeants
  A brain worm (Sewer)
  A scorpion (D:6)
  21 wights
  5 killer bees (D:7)
  2 electric eels
  3 howler monkeys
  3 hounds (D:5)
  4 jellies
  A bombardier beetle (D:10)
  A gnoll bouda (D:8)
  8 orc priests
  5 iguanas
  A sleepcap (D:5)
  Ijyb (D:5)
  10 orc wizards
  21 gnolls
  7 adders
  A white imp (D:6)
  4 ribbon worms
  35 orcs
  10 endoplasms
  2 giant cockroaches
  8 hobgoblins
  6 jackals
  4 quokkas
  7 ball pythons
  11 bats
  2 frilled lizards
  7 goblins
  11 kobolds
  2 rats (D:1)
  A butterfly (Lair:1)
363 creatures vanquished.

Vanquished Creatures (others)
  A killer bee (D:7)
1 creature vanquished.

Grand Total: 364 creatures vanquished

Notes
Turn   | Place    | Note
-------+----------+-------------------------------------------
     0 | D:1      | Autsider the Deep Elf Hedge Wizard began the quest for the
                  | Orb.
     0 | D:1      | Reached XP level 1. HP: 10/10 MP: 7/7
   247 | D:1      | Reached XP level 2. HP: 15/15 MP: 6/9
   336 | D:1      | Reached skill level 1 in Air Magic
  1042 | D:1      | Reached XP level 3. HP: 9/19 MP: 1/10
  1810 | D:2      | Reached XP level 4. HP: 19/24 MP: 6/12
  2121 | D:1      | Learned a level 3 spell: Mephitic Cloud
  2126 | D:1      | Learned a level 4 spell: Airstrike
  2394 | D:2      | Found a faded altar of an unknown god.
  2610 | D:3      | Reached XP level 5. HP: 20/28 MP: 4/13
  3432 | D:3      | Found an ancient bone altar of Kikubaaqudgha.
  4204 | D:4      | Noticed Blork the orc
  4472 | D:4      | Found a sacrificial altar of Ru.
  4491 | D:4      | Found a shadowy altar of Dithmenos.
  4554 | D:4      | Reached XP level 6. HP: 32/32 MP: 5/14
  4589 | D:4      | Killed Blork the orc
  4590 | D:4      | Reached skill level 5 in Air Magic
  4971 | D:5      | Entered Level 5 of the Dungeon
  5299 | D:4      | Learned a level 2 spell: Call Imp
  5428 | D:5      | Found a sparkling altar of Nemelex Xobeh.
  5444 | D:5      | Found a blossoming altar of Fedhas.
  5452 | D:5      | Found a glowing silver altar of Zin.
  5452 | D:5      | Found a glowing golden altar of the Shining One.
  5459 | D:5      | Found a stormy altar of Qazlal.
  5554 | D:5      | Found an opulent altar of Gozag.
  5557 | D:5      | Reached skill level 5 in Conjurations
  5670 | D:5      | Noticed Ijyb
  5810 | D:5      | Killed Ijyb
  5811 | D:5      | Reached XP level 7. HP: 18/36 MP: 7/15
  5957 | D:5      | Found a radiant altar of Vehumet.
  6258 | D:5      | Found a hazy altar of Hepliaklqana.
  6387 | D:5      | Found a staircase to the Ecumenical Temple.
  6396 | Temple   | Entered the Ecumenical Temple
  6949 | D:6      | Found a glowing drain.
  6975 | Sewer    | Entered a sewer
  7147 | D:6      | Identified the staff of Eternity {^Fragile rCorr Necro Ice
                  | Earth}
  7186 | D:6      | Noticed Grinder
  7188 | D:6      | Paralysed by Grinder for 3 turns
  7191 | D:6      | Killed Grinder
  7192 | D:6      | Reached XP level 8. HP: 41/41 MP: 5/16
  7318 | D:6      | Noticed Menkaure
  7320 | D:6      | Killed Menkaure
  7321 | D:6      | Reached skill level 5 in Stealth
  7428 | D:6      | Noticed Sigmund
  7432 | D:6      | Killed Sigmund
  7433 | D:6      | Reached skill level 5 in Dodging
  7433 | D:6      | Reached skill level 5 in Spellcasting
  7487 | D:6      | Found a white marble altar of Elyvilon.
  7582 | D:6      | Found an ornate altar of the Wu Jian Council.
  8154 | D:7      | Noticed Joseph
  8234 | D:7      | Reached XP level 9. HP: 39/45 MP: 8/20
  8480 | D:7      | Killed Joseph
  8784 | D:8      | Noticed an efreet
  8784 | D:8      | Noticed a centaur warrior
  9148 | D:8      | Reached skill level 5 in Summonings
  9247 | D:8      | Reached XP level 10. HP: 50/50 MP: 1/24
  9329 | D:8      | Found a shimmering blue altar of Sif Muna.
  9337 | D:8      | Became a worshipper of Sif Muna the Loreminder
  9388 | D:8      | Reached skill level 1 in Invocations
  9590 | D:8      | Found a broken altar of Ashenzari.
  9918 | D:9      | Reached skill level 1 in Fighting
 10042 | D:9      | Identified a scroll of acquirement
 10308 | D:9      | Reached * piety under Sif Muna
 11183 | D:10     | Entered Level 10 of the Dungeon
 11315 | D:10     | Found a staircase to the Lair.
 11317 | D:10     | Noticed an oklob plant
 11613 | D:10     | Found a snail-covered altar of Cheibriados.
 11740 | D:10     | Killed an oklob plant
 11920 | D:11     | Noticed a manticore
 12195 | D:11     | Reached skill level 5 in Invocations
 12195 | D:11     | Reached XP level 11. HP: 60/60 MP: 10/25
 12597 | D:11     | Found a staircase to the Orcish Mines.
 12606 | D:11     | Found a roughly hewn altar of Beogh.
 12629 | D:11     | Reached ** piety under Sif Muna
 12717 | D:11     | Found Likkul's Distillery.
 12725 | D:11     | Bought a potion of curing for 36 gold pieces
 12725 | D:11     | Bought 2 potions of degeneration for 24 gold pieces
 12725 | D:11     | Bought a potion of haste for 120 gold pieces
 12725 | D:11     | Bought a potion of curing for 36 gold pieces
 12781 | D:11     | Noticed a two-headed ogre
 12786 | D:11     | Killed a two-headed ogre
 13313 | Lair:1   | Entered Level 1 of the Lair of Beasts
 13371 | D:10     | Reached skill level 10 in Conjurations
 13371 | D:10     | Reached skill level 10 in Summonings
 13783 | Lair:1   | Reached skill level 5 in Fighting
 13805 | Lair:1   | Noticed Erica
 13963 | Lair:1   | Killed Erica
 14022 | Lair:1   | Reached *** piety under Sif Muna
 14135 | Lair:1   | You fall into a shaft and drop 1 floor!
 14135 | Lair:2   | Found a hole to the Spider Nest.
 14227 | Lair:2   | Noticed a skyshark
 14241 | Lair:2   | Noticed a death yak
 14242 | Lair:2   | Noticed a death yak
 14242 | Lair:2   | Noticed a death yak
 14243 | Lair:2   | Noticed a death yak
 14243 | Lair:2   | Noticed a death yak
 14254 | Lair:3   | Reached XP level 12. HP: 69/69 MP: 18/26
 14362 | Lair:3   | Noticed a catoblepas
 14687 | Lair:3   | Found a sacrificial altar of Ru.
 15584 | Lair:2   | Identified the +7 plate armour "Caxtodef" {Fly rC+ Int+3}
 15684 | Lair:3   | Killed a catoblepas
 15685 | Lair:3   | Reached skill level 10 in Air Magic
 15868 | Lair:3   | Reached **** piety under Sif Muna
 15876 | Lair:3   | Reached skill level 10 in Spellcasting
 15978 | Lair:3   | Found a staircase to the Shoals.
 16351 | Lair:3   | Noticed Amaemon
 16403 | Lair:3   | Killed Amaemon
 16406 | Lair:3   | Reached skill level 1 in Fire Magic
 16510 | Lair:3   | Reached XP level 13. HP: 74/74 MP: 9/29
 17299 | Lair:1   | Noticed Gastronok
 17306 | Lair:1   | Killed Gastronok
 18211 | Lair:3   | HP: 3/74 [skyshark (18)]
 18211 | Lair:3   | Demolished by a skyshark

Illustrated notes

Levels and vault maps discovered:
D:1:      dpeg_arrival_pits, layout_rooms, chequers_serial_rivers_room_b
D:2:      layout_basic, hellmonk_ecumenical_altar_pennies_from_heaven
D:3:      layout_basic, mainiacjoe_overflow_surrounded_room, corner_web_ring
D:4:      layout_rooms, kennysheep_mini, mainiacjoe_overflow_paths,
          kennysheep_generic_room_16, uniq_blork_the_orc
D:5:      layout_basic, mainiacjoe_overflow_24_doors,
          nicolae_overflow_hallway_of_the_gods, nicolae_overflow_squiral,
          temple_hall, uniq_ijyb
D:6:      layout_basic, nicolae_wu_jian_wuxing_cycle, elyvilon_altar_1,
          cheibrodos_sewer_entry_drain, uniq_menkaure, uniq_sigmund,
          uniq_grinder
D:7:      layout_basic, uniq_joseph
D:8:      layout_loops_cross, lemuel_round_altar, evilmike_ruin_ashenzari,
          lightli_corner_chamber
D:9:      kennysheep_spiral_hall, layout_irregular_city
D:10:     layout_roguey, slow_altar_2, dpeg_oklobed_lair
D:11:     layout_roguey, minmay_orc_entry_temple_small, serial_shops, shop
D:12:     layout_loops_corners, serial_bayou, serial_bayou_lagoon_a,
          serial_bayou_ford_a, serial_bayou_crossing, serial_bayou_pond_a,
          serial_bayou_lake_a, minivault_25
Temple:   corrupted_temple
Lair:1:   layout_loops_ring, lemuel_fruit_fields, lemuel_fruit_fields,
          grunt_megastairs_3, uniq_erica, uniq_gastronok
Lair:2:   layout_cave_pods, spider_nest_entry_webs, serial_bayou_shore_b,
          grunt_megastairs_4
Lair:3:   layout_cave_pods, mainiacjoe_shoals_entry_four_pools, basic_altar,
          dpeg_oklob_1, grunt_megastairs_5, uniq_amaemon
Lair:4:   layout_gridlike, serial_bayou_shore_b, infiniplex_staircase_pool

Skill      XL: |  1  2  3  4  5  6  7  8  9 10 11 12 13 |
---------------+----------------------------------------+-----
Conjurations   | 2 3 4 5 8 10 11 | 11.4
Air Magic      | 1 2 3 4 5 7 8 9 10 | 10.4
Dodging        | 4 6 7 |  7.0
Stealth        | 4 6 7 |  7.2
Spellcasting   | 6 8 10 | 10.7
Summonings     | 2 6 8 10 11 | 11.4
Invocations    | 5 7 8 |  8.6
Fighting       | 3 5 6 |  6.0
Fire Magic     | 1 2 |  2.6
Translocations | |  1.1

Action                     |  1- 3 |  4- 6 |  7- 9 | 10-12 | 13-15 || total
---------------------------+-------+-------+-------+-------+-------++-------
  Melee: Unarmed           |     5 |     7 |       |    81 |     1 ||    94
         Punch             |       |       |       |     3 |       ||     3
   Cast: Magic Dart        |   104 |   155 |   104 |   159 |    45 ||   567
         Mephitic Cloud    |       |     8 |     7 |    38 |     8 ||    61
         Airstrike         |       |    23 |    87 |   360 |    68 ||   538
         Call Imp          |       |     1 |       |     9 |       ||    10
    Use: Scroll            |       |     2 |     3 |    16 |     1 ||    22
         Potion            |       |     1 |       |     4 |       ||     5
 Armour: Robe              |    10 |    35 |    10 |    22 |       ||    77
         Troll leather arm |       |       |       |   246 |    53 ||   299
  Dodge: Dodged            |    21 |    28 |    19 |   180 |    36 ||   284

Table legend: (Time is in decaauts)
 A = Elapsed time spent in this place.
 B = Non-inter-level travel time spent in this place.
 C = Inter-level travel time spent in this place.
 D = Time resting spent in this place.
 E = Time spent auto-exploring this place.
 F = Levels seen in this place.
 G = Mean time per level.
                   A        B        C        D        E       F      G
               +--------+--------+--------+--------+--------+-----+--------+
         Total |  18254 |  17176 |   1078 |   2608 |   9954 |  18 | 1014.1 |
       Dungeon |  13283 |  12500 |    783 |   1672 |   8493 |  12 | 1106.9 |
        Temple |      1 |      0 |      1 |      0 |      0 |   1 |    1.0 |
          Lair |   4868 |   4575 |    293 |    936 |   1385 |   4 | 1217.0 |
         Sewer |    100 |    100 |      0 |      0 |     76 |   1 |  100.0 |
               +--------+--------+--------+--------+--------+-----+--------+

Top non-repeatable levels by time:
  Lair:3: 2769 daAuts
     D:3: 1740 daAuts
     D:5: 1603 daAuts
  Lair:1: 1465 daAuts
     D:2: 1418 daAuts
     D:9: 1233 daAuts
     D:8: 1209 daAuts
     D:1: 1153 daAuts
    D:10: 1112 daAuts
     D:4: 1002 daAuts
     D:6: 933 daAuts
     D:7: 797 daAuts
    D:11: 755 daAuts
  Lair:2: 625 daAuts
    D:12: 324 daAuts
